 Dungeon Crawl Stone Soup version 0.30-b1-2-g02819fbbbe (webtiles) character file.

Game seed: 13894460809339929839

35 LLlMATKO the Trooper (level 3, -8/33 HPs)
             Began as a Minotaur Berserker on June 4, 2023.
             Was a Believer of Trog.
             Engulfed by a cloud of flame (13 damage)
             ... on level 2 of the Dungeon.
             The game lasted 00:00:49 (691 turns).

LLlMATKO the Trooper (Minotaur Berserker)            Turns: 691, Time: 00:00:50

Health: -8/33      AC:  6    Str: 23    XL:     3   Next: 17%
Magic:  2/2        EV: 11    Int:  4    God:    Trog [**....]
Gold:   60         SH:  0    Dex:  9    Spells: 2/2 levels left

rFire   . . .        a - +0 hand axe
rCold   . . .        i - orb {mayhem}
rNeg    . . .        f - +0 ring mail
rPois   .            (helmet restricted)
rElec   .            (no cloak)
rCorr   .            (no gloves)
SInv    .            c - +0 pair of boots
Will    .....        (no amulet) Stlth
                     (no ring)
HPRegen 0.25/turn    (no ring)
MPRegen 0.08/turn

%: mayhem
@: no status effects
A: horns 2, retaliatory headbutt
a: Renounce Religion, Berserk, Trog's Hand


You were on level 2 of the Dungeon.
You worshipped Trog.
Trog was pleased with you.
You visited 1 branch of the dungeon, and saw 2 of its levels.

You collected 60 gold pieces.

Inventory:

Hand Weapons
 a - a +0 hand axe (weapon)
Armour
 c - a +0 pair of boots (worn)
 f - a +0 ring mail (worn)
 i - an orb of mayhem (worn)
Scrolls
 b - a scroll of enchant armour {unknown}
 d - 3 scrolls of identify {unknown}
 e - 4 scrolls of teleportation {unknown}
 g - a scroll of fog {unknown}
 h - 2 scrolls of fear {unknown}
Potions
 j - a potion of curing {unknown}


   Skills:
 + Level 4.1 Fighting
 + Level 4.0 Axes
 + Level 3.0 Armour
 + Level 2.8 Dodging


You had 2 spell levels left.
You didn't know any spells.
Your spell library was empty.

Dungeon Overview and Level Annotations

Branches:
Dungeon (2/15)

Altars:


Innate Abilities, Weirdness & Mutations

You have a pair of horns on your head.
You reflexively headbutt those who attack you in melee.


Message History

Found a stone staircase leading up.
There is a stone staircase leading up here.
An adder is nearby!
An adder is nearby!
You closely miss the adder. You headbutt the adder!
You kill the adder!
Trog accepts your kill.
You have reached level 3!
Your experience leads to an increase in your attributes!
Increase (S)trength, (I)ntelligence, or (D)exterity?
You feel stronger. x2
A hobgoblin comes into view.
The hobgoblin shouts!
You slash the hobgoblin!
You kill the hobgoblin!
Trog accepts your kill.
No target in view!
You see here a hobgoblin corpse.
Found a sling.
No target in view!
No target in view!
No target in view!
j - a fuming brown potion No target in view!
You open the door.
There is an open door here.
You open the door.
There is an open door here.
Found a pair of gloves.
No target in view!
You see here a +0 pair of gloves.
You see here a +0 pair of gloves.
You're in a travel-excluded area, stopping explore.
No target in view!
Really walk into that cloud of flame?
You are engulfed in blazing flames.
Ouch! That really hurt!
* * * LOW HITPOINT WARNING * * *
Found a murky white potion.
You are engulfed in blazing flames.
You die...

.######.###.#
............[.#
#...#####.#####
#.§ #.# #.○ #.#
#§§. #.#
###...#####.#
.§...$.§☼§..#
○§.$.$.@○§..#
...$$..§☼○.##
###...######
#§☼§ #§○ #.! #.
..


There were no monsters in sight!

Vanquished Creatures
  An adder (D:2)
  A bat (D:1)
  4 endoplasms (D:1)
  2 giant cockroaches (D:1)
  2 goblins (D:1)
  4 hobgoblins
  2 kobolds (D:1)
  3 quokkas (D:1)
  A frilled lizard (D:1)
  A rat (D:1)
21 creatures vanquished.

Notes
Turn   | Place    | Note
-------+----------+-------------------------------------------
     0 | D:1      | LLlMATKO the Minotaur Berserker began the quest for the
                  | Orb.
     0 | D:1      | Reached XP level 1. HP: 19/19 MP: 0/0
   187 | D:1      | Reached XP level 2. HP: 26/27 MP: 1/1
   399 | D:1      | Reached ** piety under Trog
   415 | D:1      | Found a faded altar of an unknown god.
   535 | D:2      | Reached XP level 3. HP: 33/33 MP: 2/2
   691 | D:2      | Engulfed by a cloud of flame

Illustrated notes

Levels and vault maps discovered:
D:1:      lemuel_arrival_broad_hall, layout_rooms,
          shapermc_ecumenical_altar_mp_ritualfount
D:2:      layout_loops_corners, lemuel_flame_loot_1

Skill      XL: |  1  2 |
---------------+-------+-----
Fighting       | 4 |  4.1
Axes           | 4 |  4.0
Armour         | 3 |  3.0
Dodging        | |  2.8

Action                     || total
---------------------------++-------
  Melee: Hand axe          ||    42
         Headbutt          ||     5
 Armour: Animal skin       ||     5
         Ring mail         ||    14
  Dodge: Dodged            ||    17
